 Dungeon Crawl Stone Soup version 0.30.0-29-ga12c61a403 (webtiles) character file.

Game seed: 3320975415600696118

419 Graphine the Ducker (level 6, -10/48 HPs)
             Began as a Merfolk Gladiator on June 3, 2023.
             Was an Initiate of Ashenzari.
             Killed by divine providence
             ... invoked by an orc priest
              (15 damage)
             ... on level 4 of the Dungeon.
             The game lasted 00:11:00 (2937 turns).

Graphine the Ducker (Merfolk Gladiator)             Turns: 2937, Time: 00:11:00

Health: -10/48     AC:  5    Str: 15    XL:     6   Next: 93%
Magic:  5/5        EV: 14    Int: 11    God:    Ashenzari [......]
Gold:   201        SH:  0    Dex: 15    Spells: 5/5 levels left

rFire   . . .        a - +0 trident
rCold   . . .        (no shield)
rNeg    . . .        b - +0 leather armour
rPois   +            c - +0 helmet
rElec   .            (no cloak)
rCorr   .            w - +0 pair of gloves
SInv    .            (no boots)
Will    .....        (no amulet)
Stlth   +            (no ring)
HPRegen 0.28/turn    (no ring)
MPRegen 0.09/turn

%: no passive effects
@: mighty, hasted, very quick
A: (nimble swimmer 2), mertail, clever 1, low MP 1, poison resistance
a: Renounce Religion, Curse Item


You were on level 4 of the Dungeon.
You worshipped Ashenzari.
Ashenzari was noncommittal.
You visited 1 branch of the dungeon, and saw 4 of its levels.
You also visited: Sewer.

You collected 201 gold pieces.

Inventory:

Hand Weapons
 a - a +0 trident (weapon)
 j - a +0 dagger of venom
Missiles
 u - 2 throwing nets (quivered)
 v - a javelin
Armour
 b - a +0 leather armour (worn)
 c - a +0 helmet (worn)
 w - a +0 pair of gloves (worn)
Wands
 d - a wand of digging (3)
Scrolls
 e - a scroll of butterflies {unknown}
 n - a scroll of fog
 p - a scroll of brand weapon {unknown}
 q - a scroll of fear {unknown}
 t - a scroll of amnesia {unknown}
Potions
 f - a potion of curing {unknown}
 g - a potion of magic
 h - a potion of attraction
 i - 3 potions of mutation
 k - 2 potions of might
 l - a potion of flight
 m - 2 potions of haste
 o - a potion of resistance
 s - a potion of degeneration {unknown}


   Skills:
 + Level 4.2 Fighting
 + Level 6.0 Polearms
 + Level 3.9 Throwing
 + Level 6.0 Dodging


You had 5 spell levels left.
You didn't know any spells.
Your spell library contained the following spells:

 Spells                   Type           Power      Damage    Failure   Level
 Magic Dart               Conj           0%         1d3       41%         1
 Call Imp                 Summ           0%         N/A       54%         2
 Mephitic Cloud           Conj/Pois/Air  0%         N/A       78%         3
 Stone Arrow              Conj/Erth      0%         3d7       78%         3
 Animate Armour           Summ/Erth      0%         N/A       99%         4
 Lehudib's Crystal Spear  Conj/Erth      0%         10d2      100%        8


Dungeon Overview and Level Annotations

Branches:
Dungeon (4/15)              Sewer (visited)
 Temple: D:4-7

Altars:
Ashenzari


Innate Abilities, Weirdness & Mutations

((You are very nimble when in or above water. (Stealth+, EV+, Speed+++)))
Your lower body shifts to a powerful aquatic tail in water.
Your mind is acute. (Int +4, Str/Dex -1)
Your magical capacity is low. (-10% MP)
Your system is resistant to poisons. (rPois)


Message History

You reach to attack!
You hit the orc warrior but do no damage.
The orc warrior is heavily wounded.
The orc warrior barely misses you.
Reach: a) +0 trident
Press: ? - help, Dir - move target, f/p - orc warrior
Aim: an orc warrior, wielding a +0 glaive and wearing a +0 chain mail (heavily wounded, about 40% to evade your +0 trident)
You reach to attack!
You barely miss the orc warrior.
The orc warrior is heavily wounded.
Unknown command.
Reach: a) +0 trident
Press: ? - help, Dir - move target, f/p - orc warrior
Aim: an orc warrior, wielding a +0 glaive and wearing a +0 chain mail (heavily wounded, about 40% to evade your +0 trident)
You reach to attack!
You closely miss the orc warrior.
The orc warrior is heavily wounded.
The orc priest invokes the aid of Beogh against you.
Beogh smites you!
* * * LOW HITPOINT WARNING * * *
The orc warrior hits you from afar with a +0 glaive!
* * * LOW HITPOINT WARNING * * *
Reach: a) +0 trident
Press: ? - help, Dir - move target, f/p - orc warrior
Aim: an orc warrior, wielding a +0 glaive and wearing a +0 chain mail (heavily wounded, about 40% to evade your +0 trident)
You reach to attack!
You barely miss the orc warrior.
The orc warrior is heavily wounded.
The orc warrior barely misses you.
Reach: a) +0 trident
Press: ? - help, Dir - move target, f/p - orc warrior
Aim: an orc warrior, wielding a +0 glaive and wearing a +0 chain mail (heavily wounded, about 40% to evade your +0 trident)
You reach to attack!
You closely miss the orc warrior.
The orc warrior is heavily wounded.
Unknown command.
Reach: a) +0 trident
Press: ? - help, Dir - move target, f/p - orc warrior
Aim: an orc warrior, wielding a +0 glaive and wearing a +0 chain mail (heavily wounded, about 40% to evade your +0 trident)
You reach to attack!
You hit the orc warrior.
The orc warrior is severely wounded.
The orc priest invokes the aid of Beogh against you.
Beogh smites you!
You die...

#..## #.....#
####...###
#..##.#
#........#
#.###.#
#.##...#<# #.#
#.# #
#..##.###.###.#
#..##.........#
#.........#####
##.######## #@#
#)# #o#
#.o{.oo.#
#..#.##<#
....#o# ##...


.oo #...# #.# ..... .# You could see an orc warrior and an orc priest.

Vanquished Creatures
  Sigmund (D:3)
  An orc priest (D:4)
  Robin (D:3)
  6 adders
  4 river rats (Sewer)
  A worm (D:2)
  A dart slug (D:2)
  2 orcs
  4 endoplasms
  8 giant cockroaches
  9 hobgoblins
  2 jackals (D:2)
  22 kobolds
  2 quokkas (D:3)
  13 ball pythons
  7 bats
  8 frilled lizards
  11 goblins
  19 rats
  A spectral goblin (D:2)
123 creatures vanquished.

Notes
Turn   | Place    | Note
-------+----------+-------------------------------------------
     0 | D:1      | Graphine the Merfolk Gladiator began the quest for the Orb.
     0 | D:1      | Reached XP level 1. HP: 16/16 MP: 1/1
    96 | D:1      | Reached XP level 2. HP: 23/23 MP: 2/2
   445 | D:1      | Reached XP level 3. HP: 28/28 MP: 3/3
   629 | D:2      | Found a faded altar of an unknown god.
   642 | D:2      | Prayed at the altar of an unknown god.
   642 | D:2      | Became a worshipper of Ashenzari the Shackled
  1440 | D:3      | Reached XP level 4. HP: 35/35 MP: 4/4
  1506 | D:3      | Gained mutation: Your mind is acute. (Int +4, Str/Dex -1)
                  | [potion of mutation]
  1506 | D:3      | Gained mutation: Your magical capacity is low. (-10% MP)
                  | [potion of mutation]
  1506 | D:3      | Gained mutation: Your system is resistant to poisons.
                  | (rPois) [potion of mutation]
  1710 | D:3      | Found a glowing drain.
  1722 | Sewer    | Entered a sewer
  1758 | Sewer    | Reached skill level 5 in Dodging
  1778 | Sewer    | Reached skill level 5 in Polearms
  1778 | Sewer    | Reached XP level 5. HP: 30/41 MP: 4/4
  2353 | D:3      | Noticed Robin
  2376 | D:3      | Killed Robin
  2409 | D:3      | Noticed Sigmund
  2433 | D:3      | Killed Sigmund
  2434 | D:3      | Reached XP level 6. HP: 29/48 MP: 5/5
  2906 | D:4      | Noticed an orc warrior
  2937 | D:4      | Killed from afar by an orc priest

Illustrated notes

Levels and vault maps discovered:
D:1:      lightli_arrival_quake, layout_rooms, minmay_unequal
D:2:      layout_basic, dreamdust_ecumenical_altar_drowned_temple
D:3:      layout_rooms, gup_sewer_entry_bubbles, minmay_ruptured, uniq_sigmund,
          uniq_robin
D:4:      layout_loops_corners, kennysheep_cross_bottleneck

Skill      XL: |  1  2  3  4  5  6 |
---------------+-------------------+-----
Fighting       | 3 4 |  4.2
Dodging        | 5 6 |  6.0
Throwing       | 3 |  3.9
Polearms       | 5 6 |  6.0

Action                     |  1- 3 |  4- 6 || total
---------------------------+-------+-------++-------
  Melee: Trident           |   125 |   130 ||   255
         Tailslap          |     1 |     7 ||     8
         Punch             |       |     1 ||     1
  Throw: Throwing net      |     3 |     4 ||     7
         Boomerang         |     1 |   110 ||   111
         Javelin           |       |     1 ||     1
    Use: Scroll            |     9 |     3 ||    12
         Potion            |       |     7 ||     7
   Stab: Sleeping          |     3 |     1 ||     4
         Held in net/web   |     1 |     1 ||     2
 Armour: Leather armour    |    18 |    32 ||    50
  Dodge: Dodged            |    54 |   135 ||   189
